 Dungeon Crawl Stone Soup version 0.29-a0-559-g359e09b9d1 (webtiles) character file.

Game seed: 15845722439487391786

51 HoaS the Bolt Thrower (level 4, -1/26 HPs)
             Began as a Kobold Hunter on June 10, 2022.
             Frozen to death by an endoplasm (4 damage)
             ... on level 2 of the Dungeon.
             The game lasted 00:02:14 (1715 turns).

HoaS the Bolt Thrower (Kobold Hunter)               Turns: 1715, Time: 00:02:15

Health: -1/26      AC:  7    Str:  8    XL:     4   Next: 5%
Magic:  4/4        EV: 14    Int: 10    God:
Gold:   29         SH:  0    Dex: 20    Spells: 3/3 levels left

rFire   . . .      SeeInvis .   a - +2 hand crossbow
rCold   . . .      Faith    .   (no shield)
rNeg    . . .      Spirit   .   b - +0 leather armour
rPois   .          Reflect  .   (no helmet)
rElec   .          Harm     .   (no cloak)
rCorr   .          Rampage  .   (no gloves)
Will    .....                   (no boots)
Stlth   +++.......              (no amulet)
HPRegen 0.08/turn               m - +4 ring of protection
MPRegen 0.09/turn               i - ring of flight

@: flying
A: small, no large weapons, nightstalker 3
a: no special abilities


You were on level 2 of the Dungeon.
You visited 1 branch of the dungeon, and saw 2 of its levels.

You collected 29 gold pieces.

Inventory:

Hand Weapons
 a - a +2 hand crossbow (weapon)
Armour
 b - a +0 leather armour (worn)
Jewellery
 i - a ring of flight (right hand)
 m - a +4 ring of protection (left hand)
Scrolls
 c - 3 scrolls of immolation
 f - 2 scrolls of identify
 j - a scroll of silence
 l - a scroll of torment {unknown}
Potions
 d - a potion of mutation {unknown}
 e - a potion of invisibility {unknown}
 g - 2 potions of cancellation {unknown}
 h - 2 potions of lignification
 k - a potion of degeneration {unknown}
 n - a potion of flight {unknown}


   Skills:
 - Level 2.1 Fighting
 + Level 7.1 Crossbows
 - Level 2.4 Dodging
 - Level 1.3 Stealth


You had 3 spell levels left.
You didn't know any spells.
Your spell library contained the following spells:

 Spells                   Type           Power      Damage    Failure   Level
 Freeze                   Ice            0%         1d3       50%         1
 Ensorcelled Hibernation  Hex/Ice        0%         N/A       63%         2
 Passwall                 Tmut/Erth      0%         N/A       63%         2
 Frozen Ramparts          Ice            0%         1d2       86%         3
 Gell's Gravitas          Tloc           0%         N/A       86%         3
 Lesser Beckoning         Tloc           0%         N/A       86%         3
 Swiftness                Air            0%         N/A       86%         3
 Teleport Other           Tloc           0%         N/A       86%         3
 Hailstorm                Conj/Ice       0%         3d3       99%         4


Dungeon Overview and Level Annotations

Branches:
Dungeon (2/15)

Altars:
Zin


Innate Abilities, Weirdness & Mutations

You are small and have problems with some larger weapons.
You are completely attuned to the shadows.


Message History

You shoot a bolt. The bolt barely misses the ufetubus.
The ufetubus hits you but does no damage.
The ufetubus barely misses you. x3
You shoot a bolt. The bolt hits the ufetubus.
The ufetubus is almost dead.
The ufetubus hits you.
The ufetubus hits you but does no damage.
The endoplasm freezes you.
You are frozen.
The ufetubus barely misses you. The ufetubus closely misses you.
You shoot a bolt. The bolt closely misses the ufetubus.
The ufetubus barely misses you.
The ufetubus hits you but does no damage.
The endoplasm freezes you.
You are frozen.
You shoot a bolt. The bolt misses the ufetubus.
The ufetubus closely misses you. The ufetubus hits you.
The endoplasm closely misses you.
The ufetubus hits you but does no damage.
The ufetubus hits you.
You are too injured to fight recklessly!
You are too injured to fight recklessly!
You are too injured to fight recklessly!
Shoot: a) +2 hand crossbow
Press: ? - help, Q - select action Shift-Dir - straight line, f/p - ufetubus
Aim: an ufetubus (almost dead, 55% to hit)
You shoot a bolt. The bolt hits the ufetubus.
You kill the ufetubus!
The endoplasm freezes you.
You are frozen.
* * * LOW HITPOINT WARNING * * *
You have reached level 4!
Shoot: a) +2 hand crossbow
Press: ? - help, Q - select action Shift-Dir - straight line, f - endoplasm
Aim: an endoplasm (89% to hit)
You shoot a bolt. The bolt hits the endoplasm.
The endoplasm is severely wounded.
The endoplasm freezes you.
You are frozen.
You die...

.##. ....
....#.#..
##....)..
.....J...
##.@...#
####......#
...†......#
####......#
##.#.#.###.#
#..........
###.#.###.#
#.#.# #.#.#


You could see an endoplasm.

Vanquished Creatures
  An ufetubus (D:2)
  4 dart slugs
  2 endoplasms
  2 giant cockroaches
  2 goblins (D:1)
  4 hobgoblins (D:1)
  4 jackals (D:2)
  3 quokkas
  3 ball pythons
  4 bats (D:1)
  A frilled lizard (D:1)
  4 kobolds
  A rat (D:1)
  A toadstool (D:1)
36 creatures vanquished.

Vanquished Creatures (others)
  3 toadstools (D:1)
3 creatures vanquished.

Grand Total: 39 creatures vanquished

Notes
Turn   | Place    | Note
-------+----------+-------------------------------------------
     0 | D:1      | HoaS the Kobold Hunter began the quest for the Orb.
     0 | D:1      | Reached XP level 1. HP: 12/12 MP: 1/1
   253 | D:1      | Reached XP level 2. HP: 17/17 MP: 2/2
   344 | D:1      | Reached skill level 6 in Crossbows
   416 | D:1      | Found a faded altar of an unknown god.
   571 | D:1      | Reached XP level 3. HP: 21/21 MP: 3/3
  1631 | D:2      | Found a glowing silver altar of Zin.
  1703 | D:2      | Reached skill level 7 in Crossbows
  1715 | D:2      | Reached XP level 4. HP: 2/26 MP: 4/4
  1715 | D:2      | Frozen to death by an endoplasm

Illustrated notes

Levels and vault maps discovered:
D:1:      ldierk_water_garden, layout_basic, shapermc_ecumenical_altar_venn,
          chequers_serial_rivers_large_b, minmay_tetromino_o2
D:2:      layout_loops_ring, serial_aquarium, aquarium_bridge_square
          [aquarium_subvault_wall, aquarium_subvault_wall,
          aquarium_subvault_bridge, aquarium_subvault_wall],
          aquarium_bridge_square [aquarium_subvault_bridge,
          aquarium_subvault_wall, aquarium_subvault_balcony,
          aquarium_subvault_window], aquarium_window_fake,
          aquarium_window_corridor_3, aquarium_window_fake, aquarium_view_2d,
          aquarium_view_2a, aquarium_balcony_3b, aquarium_pool_four, basic_altar

Skill      XL: |  1  2  3 |
---------------+----------+-----
Crossbows      | 6 7 |  7.1
Fighting       | |  2.1
Dodging        | |  2.4
Stealth        | |  1.3

Action                   |  1- 3 |  4- 6 || total
-------------------------+-------+-------++-------
 Fire: Hand crossbow     |    66 |     1 ||    67
  Use: Scroll            |     4 |       ||     4
Armor: Leather armour    |    15 |       ||    15
Dodge: Dodged            |    16 |       ||    16

Table legend: (Time is in decaauts)
 A = Elapsed time spent in this place.
 B = Non-inter-level travel time spent in this place.
 C = Inter-level travel time spent in this place.
 D = Time resting spent in this place.
 E = Time spent auto-exploring this place.
 F = Levels seen in this place.
 G = Mean time per level.
                   A        B        C        D        E       F      G
               +--------+--------+--------+--------+--------+-----+--------+
         Total |   1777 |   1684 |     93 |    193 |   1338 |   2 |  888.5 |
       Dungeon |   1777 |   1684 |     93 |    193 |   1338 |   2 |  888.5 |
               +--------+--------+--------+--------+--------+-----+--------+

Top non-repeatable levels by time:
     D:1: 1382 daAuts
     D:2: 394 daAuts
